[Event "IV Pullman Rapid 2022"]
[Site "Riga, Latvia"]
[Date "2022.02.19"]
[Round "1.1"]
[White "Podojniks, Marks Ernests"]
[Black "Shirov, Alexei"]
[Result "0-1"]
[TimeControl "600+5"]
[BlackTitle "GM"]
[WhiteElo "1438"]
[BlackElo "2614"]

1. e4 c5 2. Nf3 d6 3. d4 cxd4 4. Nxd4 Nf6 5. Nc3 g6 6.
Bb5+ Nbd7 7. O-O Bg7 8. Re1 O-O 9. Be3 a6 10. Bxd7 Bxd7 11. h3 Rc8 12. Bg5 Qb6 13. Rb1 e6 14.
Be3 Qc7 15. Qd2 b5 16. a3 Rfe8 17. Bh6 Bh8 18. Rbd1 Red8 19. Bg5 Be8 20. Qe3 Rd7 21. Qf3 Nh5 22. g4 Ng7 23. Bf6 Qb7 24.
Rd2 b4 25. axb4 Qxb4 26. Nb3 a5 27. Rd4 Qb6 28. Na4 Qa7 29. Red1 Rxc2 30. Rxd6 Rxd6 31. Rxd6 Bxa4 32. Rd8+ Ne8 33.
Bxh8 Kxh8 34. Qf6+ Kg8 35. Nd4 Rxb2 36. Nxe6 Rb1+ 37. Kg2 fxe6 0-1

[Event "IV Pullman Rapid 2022"]
[Site "Riga, Latvia"]
[Date "2022.02.19"]
[Round "1.2"]
[White "Mustaps, Matiss"]
[Black "Tolmacevs, Romans"]
[Result "1-0"]
[TimeControl "600+5"]
[WhiteTitle "FM"]
[WhiteElo "2393"]
[BlackElo "1429"]

1. e4 c6 2. d4 d5 3. Nc3 dxe4 4. Nxe4 Bf5 5. Ng3 Bg6 6. Bc4 e6 7. N1e2 Nf6 8. O-O Bd6 9. f4 O-O 10. f5 exf5 11. Nxf5 Qc7 12.
Nxd6 Qxd6 13. Bf4 Qb4 14. Bb3 a5 15. a3 Qe7 16. Bg5 Nbd7 17. Nf4 Qe4 18. c3 Rfe8 19. Rf2 h6 20. Bxf6 Nxf6 21.
Bc2 Qe3 22. Nxg6 fxg6 23. Bxg6 Rf8 24. Qd2 Qe7 25. Re1 Qc7 26. h3 Qg3 27. Qd3 Qd6 28. Ref1 b5 29. a4 bxa4 30. Qc4+ Kh8 31. Qxa4 c5 32. dxc5 Qxc5 33.
Qd4 Qc6 34. Be4 Qe6 35. Bxa8 Rxa8 36.
Rxf6 gxf6 37. Rxf6 1-0

[Event "IV Pullman Rapid 2022"]
[Site "Riga, Latvia"]
[Date "2022.02.19"]
[Round "1.3"]
[White "Jenavs, Ernests"]
[Black "Golubovskis, Maksims"]
[Result "0-1"]
[TimeControl "600+5"]
[BlackTitle "FM"]
[WhiteElo "1429"]
[BlackElo "2185"]

1. d4 Nf6 2. c4 c5 3. d5 b5 4. b3 g6 5. Bb2 Bg7 6. e4 d6 7. Bd3 O-O 8. Ne2 b4 9. O-O a5 10.
a4 e6 11. Qc2 exd5 12. exd5 Re8 13. Nd2 Nbd7 14. Rae1 Ne5 15. Bxe5 Rxe5 16. Ng3 Ng4 17. h3 Rxe1 18. Rxe1 Ne5 19.
Bf1 h5 20. Nde4 h4 21. Ne2 Bf5 22. f3 g5 23. Nc1 Ra7 24. Nd3 Ng6 25. Qc1 Bd4+ 26. Kh1 Bxe4 27. Rxe4 Kg7 28. Qe1 Re7 29.
Rxe7 Qxe7 30. Qxe7 Nxe7 31. Nc1 Be3 32. Nd3 Nf5 33. g4 hxg3 34. Kg2 Bf4 35. Nxf4 gxf4 36. Bd3 Nh4+ 37. Kf1 Nxf3 38.
Kg2 Ne1+ 0-1

[Event "IV Pullman Rapid 2022"]
[Site "Riga, Latvia"]
[Date "2022.02.19"]
[Round "1.4"]
[White "Kretainis, Kristaps"]
[Black "Eglitis, Roberts"]
[Result "1-0"]
[TimeControl "600+5"]
[WhiteElo "2157"]
[BlackElo "1416"]

1. e4 Nf6 2. e5 Nd5 3.
d4 d6 4. Nf3 Bg4 5. Be2 Nc6 6. c4 Nb6 7. e6 fxe6 8.
Be3 g6 9. Ng5 Bxe2 10. Qxe2 Qd7 11. Qf3 Bh6 12. Qf7+ Kd8 13. Nxe6+ Kc8 14. Bxh6 Nxc4 15. Nf8 Qf5 16. Qxc4 Rxf8 17. Bxf8 Qxf8 18. O-O Qf6 19.
Qg8+ Nd8 20. Nc3 Qxd4 21. Rfe1 e5 22. Rad1 Qh4 23. Rxe5 b6 24. Re8 Kd7 25. Rde1 a5 26. Nd5 a4 27. R8e7+ Kc6 28. Rxc7+ Kb5 29.
Nc3+ Ka6 30. Qd5 Qxf2+ 31. Kxf2 1-0

[Event "IV Pullman Rapid 2022"]
[Site "Riga, Latvia"]
[Date "2022.02.19"]
[Round "2.1"]
[White "Shirov, Alexei"]
[Black "Vasiljeva, Sofja"]
[Result "1-0"]
[TimeControl "600+5"]
[WhiteTitle "GM"]
[WhiteElo "2614"]
[BlackElo "1679"]

1. e4 e5 2. Nf3 Nc6 3. Bb5 Nf6 4.
O-O Nxe4 5. d4 Nd6 6. Bxc6 dxc6 7. dxe5 Nf5 8. Qxd8+ Kxd8 9. h3 Bd7 10. Rd1 Kc8 11. g4 Ne7 12.
Ng5 Be8 13. f4 Nd5 14. c4 Bc5+ 15. Kg2 Ne3+ 16. Bxe3 Bxe3 17. Kf3 Bc5 18. Nc3 b6 19. e6 f6 20. Nge4 Be7 21. c5 Kb7 22.
Nd6+ cxd6 23. cxd6 Bxd6 24. Rxd6 Kc7 25. Rad1 h5 26. Rd7+ Bxd7 27. Rxd7+ Kc8 28. Ne4 hxg4+ 29. hxg4 1-0

[Event "IV Pullman Rapid 2022"]
[Site "Riga, Latvia"]
[Date "2022.02.19"]
[Round "2.2"]
[White "Birmans, Daniels"]
[Black "Mustaps, Matiss"]
[Result "0-1"]
[TimeControl "600+5"]
[BlackTitle "FM"]
[WhiteElo "1657"]
[BlackElo "2393"]

1. e4 c5 2. Nf3 d6 3. Bb5+ Bd7 4. Bxd7+ Qxd7 5. O-O Nf6 6. Re1 Nc6 7. c3 g6 8. d4 cxd4 9. cxd4 Bg7 10. Nc3 O-O 11. h3 Rfd8 12.
Bf4 Rac8 13. Qd2 d5 14. e5 Ne4 15. Nxe4 dxe4 16. Rxe4 Qd5 17. Re2 Nxd4 18. Qxd4 Qxd4 19. Nxd4 Rxd4 20.
Bg3 e6 21. Rae1 Kf8 22. Re4 Rd2 23. Rb4 b6 24. a4 Ke8 25. Rb5 Bf8 26. b4 Rb2 27. Re4 g5 28. h4 h6 29. hxg5 hxg5 30. f4 Rcc2 31. fxg5 Rxg2+ 0-1

[Event "IV Pullman Rapid 2022"]
[Site "Riga, Latvia"]
[Date "2022.02.19"]
[Round "2.3"]
[White "Golubovskis, Maksims"]
[Black "Andrusevics, Jegors"]
[Result "1-0"]
[TimeControl "600+5"]
[WhiteTitle "FM"]
[WhiteElo "2185"]
[BlackElo "1665"]

1. e4 e6 2. d4 d5 3. Bd3 Nf6 4. e5 Nfd7 5. Ne2 c5 6. c3 Nc6 7. Nd2 Be7 8. O-O c4 9. Bc2 b5 10.
f4 Nb6 11. Ng3 g6 12. b3 b4 13. cxb4 Bxb4 14. Nf3 Ba6 15. Rf2 Nc8 16. bxc4 Bxc4 17. Ba4 Qd7 18. Nd2 Ba6 19. f5 exf5 20.
Qb3 Bxd2 21. Bxd2 Nb6 22. Bb4 Nxa4 23. Qxa4 Nxb4 24. Qxb4 Bc4 25. Rb1 Qe7 26. Qa4+ Kf8 27. Qc6 Kg7 28. Rxf5 Bd3 29. Rbf1 Bxf1 30.
Rxf1 Qe6 31. Qc1 Rac8 32. Qg5 Rhf8 33. Rf6 h6 34. Nh5+ Kh7 35. Qf4 Qe7 36. h3 Rg8 37. Rxf7+ 1-0

[Event "IV Pullman Rapid 2022"]
[Site "Riga, Latvia"]
[Date "2022.02.19"]
[Round "2.4"]
[White "Bude, Toms"]
[Black "Kretainis, Kristaps"]
[Result "0-1"]
[TimeControl "600+5"]
[WhiteElo "1636"]
[BlackElo "2157"]

1. e4 b6 2. d4 Bb7 3. Nc3 e6 4. a3 Nf6 5. Bd3 d5 6. Bg5 Be7 7. e5 Ne4 8. Bxe7 Qxe7 9. Nf3 Nxc3 10.
bxc3 O-O 11. O-O c5 12. Re1 Nc6 13. Qd2 Rfc8 14.
Ng5 h6 15. Nf3 Rc7 16. Qf4 Rac8 17. g4 g5 18. Qg3 Kg7 19. Qh3 Rh8 20. Qh5 Nb8 21. h4 gxh4 22. Nxh4 Qg5 23. Re3 Ba6 24.
Rg3 Bxd3 25. cxd3 cxd4 26. Nf5+ Kf8 27. Nxd4 Qxh5 28. gxh5 Rxc3 29. Rf3 Rg8+ 30. Kf1 Ke7 31. Ke2 Rg5 32. Nb5 Rc5 33. Nd6 Rxe5+ 0-1

[Event "IV Pullman Rapid 2022"]
[Site "Riga, Latvia"]
[Date "2022.02.19"]
[Round "3.1"]
[White "Mikelsons, Mikelis-Emils"]
[Black "Shirov, Alexei"]
[Result "0-1"]
[TimeControl "600+5"]
[BlackTitle "GM"]
[WhiteElo "1891"]
[BlackElo "2614"]

1. d4 Nf6 2. c4 g6 3. Nc3 d5 4.
Bf4 Bg7 5. Rc1 O-O 6. e3 c5 7. dxc5 Na6 8. cxd5 Nxc5 9. Bc4 Qb6 10. Nge2 Qb4 11. b3 a6 12. O-O Bd7 13. Bc7 Nfe4 14.
Nxe4 Nxe4 15. Bd3 Nd6 16. e4 Rac8 17. Bxd6 exd6 18. f4 Rxc1 19. Qxc1 Rc8 20. Qe3 Qa5 21. Bb1 Bb5 22. Rd1 Bxe2 23. Qxe2 Rc3 24. e5 Qc5+ 25. Kh1 dxe5 26. d6 Bf6 27.
d7 Bd8 28. Qxe5 Qxe5 29. fxe5 Kf8 30. Be4 b5 31. Bb7 a5 32. Kg1 Ke7 33. Rd6 Rc1+ 34. Kf2 Rc2+ 35. Kf3 Rxa2 36. Bc6 a4 37. Bxb5 axb3 38. Bc4 Ra3 0-1

[Event "IV Pullman Rapid 2022"]
[Site "Riga, Latvia"]
[Date "2022.02.19"]
[Round "3.2"]
[White "Mustaps, Matiss"]
[Black "Miles, Jana"]
[Result "1-0"]
[TimeControl "600+5"]
[WhiteTitle "FM"]
[WhiteElo "2393"]
[BlackElo "1887"]

1. e4 c6 2. d4 d5 3. Nc3 g6 4. h3 Bg7 5. Nf3 dxe4 6. Nxe4 Nf6 7. Nxf6+ Bxf6 8. Bh6 Qa5+ 9. c3 Qh5 10.
Qd2 Rg8 11. Be3 Nd7 12. g4 Qa5 13. Bg2 Bg7 14. O-O Nf6 15. Rfe1 Bd7 16. b4 Qd8 17. c4 h5 18. g5 Ne4 19.
Qc2 Nd6 20. Bf4 Kf8 21. Rad1 Bf5 22. Qe2 Ne4 23. Qe3 Qb6 24. Nh4 Rd8 25. Bxe4 Bxd4 26. Rxd4 Qxd4 27. Bxf5 Qxe3 28. Bxe3 gxf5 29.
Nxf5 e6 30. Bc5+ Ke8 31. Nd6+ Kd7 32. Nxf7 Rde8 33. Rd1+ Kc7 34. Bd6+ Kb6 35. h4 a5 36. a3 axb4 37. axb4 Ra8 38.
Bc5+ Kc7 39. Ne5 Rg7 40. g6 Rag8 41. Kf1 b6 42. Be3 Ra8 43. Bh6 Re7 44. Bg5 Rg7 45. Bf6 Rgg8 46. Rd7+ Kc8 47. Rf7 c5 48. b5 Ra3 49.
Nc6 Re8 50. Be5 1-0

[Event "IV Pullman Rapid 2022"]
[Site "Riga, Latvia"]
[Date "2022.02.19"]
[Round "3.3"]
[White "Vingris, Mikelis"]
[Black "Golubovskis, Maksims"]
[Result "0-1"]
[TimeControl "600+5"]
[BlackTitle "FM"]
[WhiteElo "1889"]
[BlackElo "2185"]

1. e4 c5 2. Nf3 d6 3. d4 cxd4 4. Nxd4 Nf6 5. Nc3 Nc6 6. g3 e5 7. Nb3 Be7 8. Bg2 O-O 9. O-O Be6 10.
Nd5 Rc8 11. c3 Bxd5 12. exd5 Nb8 13. Be3 Nbd7 14. Rc1 Nb6 15. Bxb6 Qxb6 16. Qd3 g6 17. Kh1 Ng4 18. Qe2 f5 19.
h3 Nf6 20. f4 e4 21. c4 Nh5 22.
Kh2 a5 23. Qd2 Bf6 24. g4 fxg4 25. c5 Qd8 26. Nd4 Bxd4 27. Qxd4 Qh4 28. Rc3 dxc5 29. Qxe4 Nxf4 30. d6 gxh3 31.
Bf3 Qf6 32. d7 Rcd8 33. Bg4 Qd6 34.
Rd1 Nd3+ 35. Kxh3 Nf2+ 36. Kg2 Nxe4 37. Rxd6 Nxd6 38. Be6+ Kg7 39. Rxc5 Kf6 40. Bh3 Rf7 41. Rxa5 Nf5 0-1

[Event "IV Pullman Rapid 2022"]
[Site "Riga, Latvia"]
[Date "2022.02.19"]
[Round "3.4"]
[White "Kretainis, Kristaps"]
[Black "Tolmacevs, Artjoms"]
[Result "1-0"]
[TimeControl "600+5"]
[WhiteElo "2157"]
[BlackElo "1830"]

1. Nf3 c5 2. c4 Nc6 3. Nc3 e5 4. e3 f5 5. d4 e4 6.
Ne5 Nf6 7. f4 d6 8. Nxc6 bxc6 9. dxc5 dxc5 10. Qxd8+ Kxd8 11. b3 Be7 12. Be2 Kc7 13. Bb2 Be6 14. O-O-O Rhd8 15. Na4 Rxd1+ 16. Rxd1 Rg8 17. Be5+ Kc8 18. Bd6 Bxd6 19. Rxd6 Bd7 20. Nxc5 Kc7 21. Rd2 g5 22. g3 gxf4 23. exf4 Rg6 24. b4 Rh6 25. Bd1 Bc8 26. Kb2 Rg6 27. Kc3 h5 28. Kd4 Ng4 29. Bxg4 hxg4 30. Ke3 Rh6 31. a4 Rh8 32. a5 a6 33. Nb3 Be6 34. Rc2 Rb8 35. Nc5 Bc8 36. Rb2 Bb7 37. Kf2 Rh8 38. Kg2 Bc8 39. Rd2 Rh6 40. Rd1 Rh8 41. Nb3 Rh5 42. Rc1 Be6 43. Nd4 Bd7 44. b5 c5 45. b6+ Kb7 46. Nb3 Bc6 47. Nxc5+ Kc8 48. Kg1 Rh6 49. Rd1 e3 50. Re1 Rd6 51. Rxe3 Rd1+ 52. Kf2 Rh1 53. Nxa6 Rxh2+ 54. Ke1 Rh1+ 55. Kd2 Rh2+ 56. Kc3 Rf2 57. Nb4 Be4 58. a6 Rf3 59. Kd4 Rf2 60. c5 Rd2+ 61. Kc4 Rb2 62. c6 Rb1 63. a7 Bd3+ 64. Rxd3 Rxb4+ 65. Kd5 Rb5+ 66. Kd6 Rd5+ 67. Kxd5 1-0

[Event "IV Pullman Rapid 2022"]
[Site "Riga, Latvia"]
[Date "2022.02.19"]
[Round "4.1"]
[White "Shirov, Alexei"]
[Black "Berzina, Ilze"]
[Result "1-0"]
[TimeControl "600+5"]
[WhiteTitle "GM"]
[BlackTitle "WGM"]
[WhiteElo "2614"]
[BlackElo "2073"]

1. e4 c6 2. d4 d5 3. e5 c5 4.
Nf3 Nc6 5. dxc5 Bg4 6. Bb5 e6 7. b4 Nge7 8. Nbd2 a6 9. Ba4 Ng6 10. h3 Bxf3 11. Nxf3 b5 12. cxb6 Bxb4+ 13. c3 Bxc3+ 14. Bd2 Bxd2+ 15. Qxd2 Qxb6 16.
O-O O-O 17. Rab1 Qc7 18. Rfc1 Nge7 19.
Bxc6 Nxc6 20. Qc2 Rfc8 21. Nd4 Nxd4 22. Qxc7 Rxc7 23. Rxc7 Nb5 24. Rb7 Kf8 25. a4 Nc3 26. Rb8+ Rxb8 27. Rxb8+ Ke7 28. Rb7+ Ke8 29. a5 d4 30. Kf1 f6 31. exf6 gxf6 32.
Rxh7 1-0

[Event "IV Pullman Rapid 2022"]
[Site "Riga, Latvia"]
[Date "2022.02.19"]
[Round "4.2"]
[White "Rychagov, Nikita"]
[Black "Mustaps, Matiss"]
[Result "0-1"]
[TimeControl "600+5"]
[BlackTitle "FM"]
[WhiteElo "2071"]
[BlackElo "2393"]

1. e4 c5 2. Nf3 Nc6 3.
d4 cxd4 4. Nxd4 g6 5. c4 Bg7 6. Be3 Nf6 7. Nc3 Ng4 8. Qxg4 Nxd4 9. Qd1 Ne6 10. Qd2 Qa5 11. Rc1 b6 12. b3 f5 13. exf5 gxf5 14.
Nd5 Qxd2+ 15. Bxd2 Bb7 16. Be2 Rc8 17. O-O Rg8 18. Bh5+ Kd8 19. Bf7 Rf8 20. Bxe6 dxe6 21. Nf4 Rc6 22. Rfe1 e5 23. Nd5 Rg6 24.
Bb4 e6 25. Bxf8 Bxf8 26. g3 exd5 27. Rxe5 d4 28. Rxf5 Bb4 29. Rd1 Bc3 30. f3 Re6 31. Kf2 Ke7 32. h4 h6 33. g4 a5 34.
g5 hxg5 35. hxg5 Bb4 36. Kg3 Bd6+ 37. Kh4 Re2 38. g6 Ke6 39. Rf7 Rh2+ 40. Kg5 Be7+ 41.
Kf4 Bd6+ 42. Kg5 Rg2+ 43. Kh6 Rh2 44. Kg7 Be5+ 45. Rf6+ Bxf6+ 0-1

[Event "IV Pullman Rapid 2022"]
[Site "Riga, Latvia"]
[Date "2022.02.19"]
[Round "4.3"]
[White "Golubovskis, Maksims"]
[Black "Jazdanovs, Aleksandrs"]
[Result "1-0"]
[TimeControl "600+5"]
[WhiteTitle "FM"]
[WhiteElo "2185"]
[BlackElo "1993"]

1. e4 c5 2. Nf3 d6 3. d4 cxd4 4. Nxd4 Nf6 5. f3 e5 6. Nb3 d5 7. Bg5 d4 8. c3 Nc6 9. Bb5 dxc3 10.
Qxd8+ Kxd8 11. Nxc3 Bb4 12. O-O-O+ Kc7 13. Bxf6 Bxc3 14. Bxg7 Rg8 15. Bf6 Rg6 16. bxc3 Rxf6 17. Rd5 Be6 18.
Bxc6 bxc6 19. Rxe5 Rg6 20. g3 Rb8 21. Kc2 Rgg8 22. f4 Rgd8 23. Nd4 1-0

[Event "IV Pullman Rapid 2022"]
[Site "Riga, Latvia"]
[Date "2022.02.19"]
[Round "4.4"]
[White "Krivenko, Dion"]
[Black "Kretainis, Kristaps"]
[Result "0-1"]
[TimeControl "600+5"]
[WhiteElo "1944"]
[BlackElo "2157"]

1. e4 b6 2. b3 Bb7 3. Qe2 c5 4. Bb2 e6 5. Nc3 Nf6 6. e5 Nd5 7. Nxd5 Bxd5 8. O-O-O Be7 9. f4 f5 10. Nf3 O-O 11. Rg1 Qc7 12. h4 a5 13. c4 Bb7 14. a4 Nc6 15. g4 Nb4 16. Bh3 Qc6 17. Rdf1 Qe4 18. Qxe4 Bxe4 19. Bc3 Nd3+ 20. Kd1 Nxf4 21. Bg2 Nxg2 22. Rxg2 fxg4 0-1

[Event "IV Pullman Rapid 2022"]
[Site "Riga, Latvia"]
[Date "2022.02.19"]
[Round "5.1"]
[White "Kretainis, Kristaps"]
[Black "Shirov, Alexei"]
[Result "0-1"]
[TimeControl "600+5"]
[BlackTitle "GM"]
[WhiteElo "2157"]
[BlackElo "2614"]

1. e4 e5 2. Nf3 Nc6 3. Bc4 Bc5 4. d3 Nf6 5. O-O O-O 6. Re1 d6 7. c3 a6 8. Bb3 Ba7 9. Nbd2 Ng4 10.
Re2 Kh8 11. h3 f5 12. exf5 Nxf2 13. Rxf2 Bxf2+ 14. Kxf2 Bxf5 15. Qe2 d5 16. Kg1 Qd6 17. Nf1 e4 18. dxe4 Bxe4 19. Ng5 Rae8 20.
Be3 d4 21. cxd4 Nxd4 22. Qc4 Nxb3 23. Nf7+ Rxf7 24. Qxf7 Rf8 25. Qxb3 Qg6 26. g3 Qf5 27. Nd2 Bd5 28. Qb4 Rf6 29.
Rf1 Qxh3 30. Qf8+ Rxf8 31. Rxf8+ Bg8 32. Kf2 h6 33. Nf3 Kh7 34. Rf4 Bxa2 35. Bd4 Bd5 36. Bc3 Bxf3 37. Rxf3 Qe6 38.
Re3 Qf7+ 39. Rf3 Qd5 40. Re3 b5 41. Re7 Qc5+ 0-1

[Event "IV Pullman Rapid 2022"]
[Site "Riga, Latvia"]
[Date "2022.02.19"]
[Round "5.2"]
[White "Mustaps, Matiss"]
[Black "Smorodinskis, Igors"]
[Result "1-0"]
[TimeControl "600+5"]
[WhiteTitle "FM"]
[WhiteElo "2393"]
[BlackElo "2121"]

1. e4 Nf6 2. e5 Nd5 3.
d4 d6 4. Bc4 Nb6 5. Bb3 dxe5 6. Qh5 e6 7. dxe5 a5 8. a4 Na6 9. Nf3 Nc5 10. O-O Nxb3 11. cxb3 Qd3 12. Nc3 Bd7 13. Be3 Qg6 14. Qh3 Be7 15. Rfd1 Nd5 16. Rac1 c6 17. Rd4 h5 18.
Ne4 Qf5 19. Qg3 Qg6 20. Qxg6 fxg6 21. Nd6+ Bxd6 22. exd6 O-O-O 23. Bg5 Rdf8 24. Ne5 Rf5 25. f4 Be8 26. g3 Rhf8 27. h3 Nb6 28. g4 Rxe5 29. fxe5 Nd7 30. Rf4 Rxf4 31. Bxf4 g5 32. Bh2 Bg6 33. Kf2 c5 34. Ke3 b6 35. Kd2 Kb7 36.
Kc3 hxg4 37. hxg4 Kc6 38. Rd1 Be4 39. Rf1 Bg2 40. Rf7 Bh3 41. Rxg7 Bxg4 42. Rxg5 Bf3 43. Rg8 Kb7 44. Rd8 Bc6 45. Kd2 Nb8 46. Ke3 Na6 47. Bf4 Nb4 48. Bg5 Nd5+ 49. Kd2 Nb4 50. Rh8 Bd7 51. Bd8 Nc6 52. Rh7 Kc8 53.
Bxb6 Nxe5 54. Bxc5 Kb7 55. Bd4 Nf3+ 56. Ke3 Nxd4 57. Kxd4 Kc6 58. Ke5 Be8 59. Rc7+ Kb6 60. Rc3 Bd7 61. Kf6 Bc6 62. Kxe6 1-0

[Event "IV Pullman Rapid 2022"]
[Site "Riga, Latvia"]
[Date "2022.02.19"]
[Round "5.3"]
[White "Antoms, Guntars"]
[Black "Golubovskis, Maksims"]
[Result "1/2-1/2"]
[TimeControl "600+5"]
[WhiteTitle "IM"]
[BlackTitle "FM"]
[WhiteElo "2088"]
[BlackElo "2185"]

1. e4 c5 2. Nc3 d6 3.
f4 g6 4.
Nf3 Bg7 5. d4 cxd4 6. Nxd4 Nc6 7.
Be3 Nf6 8. Qd2 O-O 9. O-O-O Bg4 10. Be2 Bxe2 11. Qxe2 Qc7 12. g4 1/2-1/2

[Event "IV Pullman Rapid 2022"]
[Site "Riga, Latvia"]
[Date "2022.02.19"]
[Round "6.1"]
[White "Shirov, Alexei"]
[Black "Mustaps, Matiss"]
[Result "1-0"]
[TimeControl "600+5"]
[WhiteTitle "GM"]
[BlackTitle "FM"]
[WhiteElo "2614"]
[BlackElo "2393"]

1. e4 c5 2. Nc3 Nc6 3. Nge2 Nf6 4.
d4 cxd4 5. Nxd4 e6 6. Ndb5 Bb4 7. a3 Bxc3+ 8. Nxc3 d5 9. Bd3 dxe4 10. Nxe4 Nxe4 11. Bxe4 Qxd1+ 12. Kxd1 Bd7 13. Be3 O-O-O 14. Ke2 e5 15. Bxc6 Bxc6 16. Bxa7 Bxg2 17. Rhg1 Be4 18.
Rg4 Bf5 19. Rc4+ Kd7 20. Rb4 Kc6 21. Rg1 g6 22. Rg3 Rd7 23. Rc3+ Kd6 24. Bc5+ Kd5 25. Rb5 Ke6 26. Rb6+ Kd5 27. Bb4 Rhd8 28. Ke3 Rd6 29.
Bxd6 Rxd6 30. Rxd6+ Kxd6 31. a4 Bd7 32. a5 f5 33. f4 exf4+ 34. Kxf4 h6 35. h4 Ke6 36. Rc7 1-0

[Event "IV Pullman Rapid 2022"]
[Site "Riga, Latvia"]
[Date "2022.02.19"]
[Round "6.2"]
[White "Golubovskis, Maksims"]
[Black "Batashevs, Arsens"]
[Result "1/2-1/2"]
[TimeControl "600+5"]
[WhiteTitle "FM"]
[WhiteElo "2185"]
[BlackElo "2105"]

1. c4 g6 2. g3 Bg7 3. Bg2 e5 4. d3 Nc6 5. Nf3 h5 6. Nc3 d6 7. Rb1 Nh6 8. b4 Nf5 9.
Bg5 f6 10. Bd2 h4 11. b5 Ncd4 12. e3 Nxf3+ 13. Qxf3 hxg3 14. hxg3 Rxh1+ 15. Bxh1 Rb8 16. Qg4 Ne7 17. Qh4 Kf7 18.
Kd1 Be6 19. Kc2 d5 20. cxd5 Nxd5 21. Nxd5 Bxd5 22. Bxd5+ Qxd5 23. Qc4 Qxc4+ 24. dxc4 Rh8 25. e4 Rh2 26. Be3 b6 27. c5 Bf8 28. Rd1 Ke6 29.
Rd8 Bxc5 30. Bxc5 bxc5 31. Rd2 Rh7 32. Kc3 Rd7 33. Rxd7 Kxd7 34. Kc4 Kd6 35. g4 g5 36. f3 c6 37.
a4 cxb5+ 38. axb5 Kd7 39. Kxc5 Kc7 40. Kd5 Kb6 41. Kc4 Kb7 42. Kd5 Kb6 43. Kc4 Kb7 44. Kd5 Kb6 1/2-1/2

[Event "IV Pullman Rapid 2022"]
[Site "Riga, Latvia"]
[Date "2022.02.19"]
[Round "6.4"]
[White "Laimins, Lauris"]
[Black "Bazilius, Augustinas"]
[Result "1/2-1/2"]
[TimeControl "600+5"]
[WhiteElo "2147"]
[BlackElo "1931"]

1. d4 Nf6 2. c4 g6 3. Nc3 d5 4. e3 Bg7 5. Nf3 O-O 6.
Bd3 c5 7. O-O dxc4 8. Bxc4 Nc6 9. dxc5 Nd7 10. Qe2 Nxc5 11. Rd1 Qc7 12. e4 Bg4 13.
Nd5 Qb8 14. Bf4 Qc8 15. Rac1 e6 16. Nc3 e5 17. Be3 Ne6 18. Bxe6 Qxe6 19. Nd5 Rac8 20. h3 Bxf3 21. Qxf3 Nd4 22.
Bxd4 exd4 23. Qg4 f5 24. exf5 Qxd5 25. Rxc8 Rxc8 26. f6 Rd8 27. fxg7 Kxg7 28.
Rd3 1/2-1/2

[Event "IV Pullman Rapid 2022"]
[Site "Riga, Latvia"]
[Date "2022.02.19"]
[Round "7.1"]
[White "Batashevs, Arsens"]
[Black "Shirov, Alexei"]
[Result "0-1"]
[TimeControl "600+5"]
[BlackTitle "GM"]
[WhiteElo "2105"]
[BlackElo "2614"]

1. Nf3 d5 2. e3 Nf6 3. b3 Bg4 4. Bb2 Nbd7 5. d4 e6 6. Bd3 Bd6 7. c4 c6 8. Nc3 O-O 9. O-O Qe7 10.
Qc2 Bxf3 11. gxf3 e5 12. dxe5 Qxe5 13. f4 Qh5 14. Qe2 Ng4 15. f3 Nxe3 16. Qxe3 Bc5 17. Nd1 Bxe3+ 18. Nxe3 Nc5 19.
Bc2 Rfe8 20. Rae1 Ne6 21. Ng2 dxc4 0-1

[Event "IV Pullman Rapid 2022"]
[Site "Riga, Latvia"]
[Date "2022.02.19"]
[Round "7.2"]
[White "Mustaps, Matiss"]
[Black "Gudovskis, Konstantins"]
[Result "1-0"]
[TimeControl "600+5"]
[WhiteTitle "FM"]
[WhiteElo "2393"]
[BlackElo "1984"]

1. e4 Nc6 2. Nc3 Nf6 3. Nf3 d5 4. exd5 Nxd5 5. Bb5 Bg4 6. h3 Bxf3 7. Qxf3 e6 8. O-O Be7 9. b3 O-O 10.
Bxc6 bxc6 11. Bb2 Bf6 12. Rad1 Nb4 13. Ba3 c5 14. d4 Qe7 15. Ne4 Rfd8 16. c3 Na6 17. Qe2 Nb8 18. Bxc5 Qe8 19. Nxf6+ gxf6 20. Qg4+ Kh8 21. Qf3 Nd7 22. Ba3 Qg8 23. Be7 Qg6 24. Bxd8 Rxd8 25.
Qg3 Qf5 26. Qxc7 Rg8 27. Kh1 Nf8 28. Qb7 Ng6 29. Qf3 Qg5 30. g3 h5 31. Qe3 1-0

[Event "IV Pullman Rapid 2022"]
[Site "Riga, Latvia"]
[Date "2022.02.19"]
[Round "7.3"]
[White "Savicevs, Arsenijs"]
[Black "Golubovskis, Maksims"]
[Result "0-1"]
[TimeControl "600+5"]
[BlackTitle "FM"]
[WhiteElo "1955"]
[BlackElo "2185"]

1. Nf3 Nf6 2. c4 c5 3. d4 cxd4 4. Nxd4 e6 5. Nc3 Bb4 6. g3 Nc6 7. Bg2 d5 8. O-O O-O 9. cxd5 Bxc3 10.
dxc6 Bxd4 11. cxb7 Bxb7 12. Bxb7 Bxf2+ 13. Kg2 Rb8 14. Bf3 Bd4 15. Rb1 Qb6 16. Bg5 Rfd8 17. Bxf6 Bxf6 18. Qc2 Bxb2 19.
Rfd1 Rxd1 20. Qxd1 Qc7 21. Qa4 g6 22. Qf4 Be5 23. Rxb8+ Qxb8 24. Qc4 Kg7 25. a4 Qb6 26. Qb5 Qe3 27. Qd3 Qc1 28. Qe4 Qc5 29. Qc6 Qb4 30. Qb5 Qd4 31. Qd3 Qb2 32.
Qb5 Qa1 33. Be4 Bd4 34. Qb3 Qg1+ 35. Kh3 Qf1+ 36. Bg2 Qxe2 37. Bf3 Qf1+ 38. Bg2 Qf5+ 39. g4 Qf4 40. Qf3 Qh6+ 41. Kg3 Be5+ 42. Kf2 Qxh2 43. a5 Bd4+ 44. Ke2 Qe5+ 45. Qe4 Qxe4+ 46. Bxe4 f5 47. gxf5 exf5 48. Bd3 Bc3 49. a6 Kf6 0-1

[Event "IV Pullman Rapid 2022"]
[Site "Riga, Latvia"]
[Date "2022.02.19"]
[Round "7.4"]
[White "Antoms, Guntars"]
[Black "Krivenko, Dion"]
[Result "1-0"]
[TimeControl "600+5"]
[WhiteTitle "IM"]
[WhiteElo "2088"]
[BlackElo "1944"]

1. Nf3 Nf6 2. g3 d5 3. Bg2 c6 4. O-O Bg4 5. d3 Nbd7 6.
Nbd2 e5 7. e4 Bd6 8. h3 Bh5 9. g4 Bg6 10. Nh4 Qc7 11. c4 dxe4 12. Nxe4 Nxe4 13. dxe4 Bc5 14. Qe2 Nf8 15. Be3 Ne6 16. Nf5 Bxf5 17.
exf5 Nd4 18. Qd3 O-O-O 19. Qe4 g6 20. f6 Qd6 21. a3 Qxf6 22. b4 Ne2+ 23. Kh2 Nc3 24. Qc2 Bd4 25. Rae1 g5 26. Bd2 e4 27. Bxc3 Bxc3 28. Rxe4 h5 29. Qe2 hxg4 30. Qxg4+ Kb8 31. b5 c5 32. Qf3 Qxf3 33.
Bxf3 f5 34. Re7 g4 35. Bg2 gxh3 36. Bd5 Rde8 37. Rxb7+ Kc8 38. Rxa7 Be5+ 39. Kh1 Rh4 40. Rf7 Rf4 41. b6 Rh8 42. a4 h2 43. a5 Kb8 44. a6 Rg8 45.
a7+ 1-0

[Event "IV Pullman Rapid 2022"]
[Site "Riga, Latvia"]
[Date "2022.02.19"]
[Round "8.1"]
[White "Shirov, Alexei"]
[Black "Antoms, Guntars"]
[Result "1-0"]
[TimeControl "600+5"]
[WhiteTitle "GM"]
[BlackTitle "IM"]
[WhiteElo "2614"]
[BlackElo "2088"]

1. e4 d5 2. exd5 Qxd5 3. Nc3 Qd8 4. d4 Nf6 5. Bc4 Bg4 6. Nge2 e6 7. f3 Bf5 8. g4 Bg6 9. h4 h5 10.
Nf4 hxg4 11. Nxg6 fxg6 12. fxg4 Qd6 13. Qd3 Nc6 14. Nb5 Qd7 15. Qxg6+ Kd8 16. Bg5 Be7 17. O-O-O a6 18. Nc3 b5 19.
Bxe6 Qxe6 20. d5 Qxg4 21. dxc6+ Kc8 22. Qxg7 Rh7 23. Qxh7 Nxh7 24. Bxe7 Qg8 25. Rhg1 Qe8 26. Rd8+ Qxd8 27. Bxd8 1-0

[Event "IV Pullman Rapid 2022"]
[Site "Riga, Latvia"]
[Date "2022.02.19"]
[Round "8.2"]
[White "Golubovskis, Maksims"]
[Black "Mustaps, Matiss"]
[Result "1-0"]
[TimeControl "600+5"]
[WhiteTitle "FM"]
[BlackTitle "FM"]
[WhiteElo "2185"]
[BlackElo "2393"]

1. e4 d6 2. d4 Nf6 3. Nc3 g6 4. Be3 Bg7 5. Qd2 Nc6 6. f3 O-O 7. O-O-O e5 8. Nge2 exd4 9. Nxd4 Nxd4 10. Bxd4 Be6 11. g4 c5 12. Be3 Qa5 13. Kb1 Rfd8 14. g5 Nd7 15. Nd5 Qxd2 16.
Rxd2 Bxd5 17. Rxd5 Nb6 18. Rd1 d5 19. Bxc5 dxe4 20. Be2 e3 21.
Bxe3 Re8 22. Bxb6 Rxe2 23. Bd4 Rc8 24. Bxg7 Kxg7 25. Rd7 b5 26. c3 b4 27. Rc1 bxc3 28. Rxc3 Rb8 29. b3 a5 30. Rcc7 Rf8 31. Rc2 Re5 32. f4 Re4 33. Rc4 Re2 34. Rc2 Re4 35. Rd5 a4 36.
Rc4 Re1+ 37. Rc1 Re4 38. Rc4 Re1+ 39. Kb2 Re2+ 40. Rc2 a3+ 41. Kc1 Re1+ 42.
Rd1 Re4 43. Rc4 Rxc4+ 44. bxc4 Rc8 45. Rd4 Kf8 46. Kc2 Rb8 47. Kc3 Rb2 48. Rd2 Rb1 49.
Re2 f6 50. c5 fxg5 51. fxg5 Rc1+ 52. Rc2 Rb1 53. Re2 Rc1+ 54.
Kb4 Kf7 55. Kb5 Rb1+ 56. Kc4 Rb2 57.
Kd3 Rb1 58. c6 Rb8 59. Kd4 Rb2 60. c7 Rxe2 61. c8=Q Re7 62. Qc4+ Ke8 63. Qc5 Rd7+ 64. Kc3 Kf7 65. Qxa3 Ke6 66. Qa6+ 1-0

[Event "IV Pullman Rapid 2022"]
[Site "Riga, Latvia"]
[Date "2022.02.19"]
[Round "8.3"]
[White "Jazdanovs, Aleksandrs"]
[Black "Mikelsons, Mikelis-Emils"]
[Result "1-0"]
[TimeControl "600+5"]
[WhiteElo "1993"]
[BlackElo "1891"]

1. e4 e5 2. Nf3 Nc6 3. d4 exd4 4. Nxd4 Qf6 5. Be3 Bc5 6.
c3 Nge7 7. g3 d5 8. Bg2 dxe4 9. Nd2 Bxd4 10. cxd4 Bf5 11. Nxe4 Qg6 12. Nc5 O-O 13. O-O b6 14. Nb3 Rad8 15. Rc1 Nd5 16. Qd2 Ncb4 17. a3 Nd3 18. Rcd1 Nxe3 19. fxe3 c5 20. Rxf5 Qxf5 21.
e4 Qc8 22. Qxd3 c4 23. Qe3 cxb3 24.
Qxb3 Qe6 25. d5 Qe5 26. Qb4 f5 27. exf5 Qe3+ 28. Kh1 Rxf5 29. d6 Qe2 30. Re1 Qd3 31. Be4 Rf1+ 32. Kg2 1-0